 Dungeon Crawl Stone Soup version 0.21.1-1-g345015fe64 (webtiles) character file.

938 Peloso the Slasher (level 7, 0/63 HPs)
             Began as a Minotaur Fighter on June 29, 2018.
             Slain by a vampire (4 damage)
             ... on level 5 of the Dungeon.
             The game lasted 00:07:05 (3521 turns).

Peloso the Slasher (Minotaur Fighter)               Turns: 3521, Time: 00:07:05

Health: 0/63       AC:  8    Str: 21    XL:     7   Next: 87%
Magic:  6/6        EV:  9    Int:  5    God:
Gold:   201        SH:  0    Dex: 11    Spells: 6/6 levels left

rFire    + . .     SeeInvis .   a - +1 long sword
rCold    . . .     Gourm    .   c - +1 shield
rNeg     . . .     Faith    .   b - +0 scale mail
rPois    .         Spirit   .   (helmet restricted)
rElec    +         Reflect  .   (no cloak)
rCorr    .         Harm     .   (no gloves)
MR       .....                  l - +0 pair of boots
Stlth    ..........             t - amulet of regeneration
HPRegen  0.60/turn              (no ring)
MPRegen  0.10/turn              (no ring)

@: confused, hasted, very quick
A: retaliatory headbutt, fangs 1, hooves 1, horns 2, fire resistance 1,
electricity resistance
a: no special abilities


You were on level 5 of the Dungeon.
You were not hungry.

You visited 1 branch of the dungeon, and saw 5 of its levels.

You collected 201 gold pieces.

Inventory:

Hand Weapons
 a - a +1 long sword (weapon)
Armour
 b - a +0 scale mail (worn)
 c - a +1 shield (worn)
 l - a +0 pair of boots (worn)
Jewellery
 t - an amulet of regeneration (around neck)
Scrolls
 e - 7 scrolls of identify
 g - a scroll of enchant weapon
 h - 2 scrolls of teleportation
 j - a scroll of fog
 m - 2 scrolls of remove curse
 q - a scroll of blinking
Potions
 k - a potion of cancellation
 s - a potion of mutation
Books
 o - a book of Cantrips

   Spells                             Type                      Level
   a - Confusing Touch                Hexes                        1
   b - Animate Skeleton               Necromancy                   1
   c - Summon Small Mammal            Summoning                    1
   d - Apportation                    Translocation                1
Comestibles
 d - 5 chunks of flesh
 f - 13 rations


   Skills:
 + Level 6.0 Fighting
 + Level 6.5 Long Blades
 + Level 5.9 Armour
 + Level 2.4 Dodging
 + Level 0.1 Stealth
 + Level 6.0 Shields


You had 6 spell levels left.
You didn't know any spells.

Dungeon Overview and Level Annotations

Branches:
Dungeon (5/15)
 Temple: D:4-7

Altars:
Makhleb
Nemelex Xobeh
Trog


Innate Abilities, Weirdness & Mutations

You reflexively headbutt those who attack you in melee.
You have a pair of horns on your head.
You have very sharp teeth.
You have large cloven feet.
Your flesh is heat resistant. (rF+)
You are resistant to electric shocks. (rElec)


Message History

Something hits you but does no damage. Something bites you but does no damage.
Unknown command.
You slash something!
Unholy energy fills the air.
You closely miss something. You headbutt something. You bite something.
Unknown command.
You miss something. Something hits you! Something bites you but does no damage.
Unknown command.
You slash something! You headbutt something. Something hits you!
Something bites you.
* * * LOW HITPOINT WARNING * * *
Something draws strength from your injuries!
You hit something. You headbutt something.
Unholy energy fills the air.
* * * LOW HITPOINT WARNING * * *
You miss something. You headbutt something. Your bite misses something.
You barely miss something. Your headbutt misses something.
You hear some strange, mumbled words.
You are confused.
You bump into the rock wall.
Something hits you but does no damage. Something bites you.
You die...

#..#..##^..## ..#
#....##.._^.## ..#
#...##...^...##..#
...##...^.^...##.#
...#...#####.^.#.#
.#.##.'#.#.#'.##.#
.#..###..#..###..#
.##.....###.....{#
..#####.....##.#@#
..# #..#####.#.#
#..........#
..######.### #..
...# #.# ##### #.#


There were no monsters in sight!

Vanquished Creatures
  A troll (D:5)
  A phantom (D:4)
  3 ogres
  4 hounds
  An iguana (D:4)
  An orc wizard (D:4)
  2 worker ants (D:4)
  A hound skeleton (D:4)
  4 gnolls
  5 adders
  A river rat (D:5)
  2 dart slugs (D:3)
  6 leopard geckos
  7 orcs
  A ball python (D:2)
  7 bats
  2 giant cockroaches
  A goblin (D:3)
  10 hobgoblins
  2 jackals (D:1)
  2 quokkas
  5 frilled lizards
  8 kobolds
  2 leopard gecko skeletons (D:4)
  5 rats
  A bush (D:2)
85 creatures vanquished.

Notes
Turn   | Place    | Note
-------+----------+-------------------------------------------
     0 | D:1      | Peloso the Minotaur Fighter began the quest for the Orb.
     0 | D:1      | Reached XP level 1. HP: 19/19 MP: 0/0
   232 | D:1      | Reached XP level 2. HP: 24/27 MP: 1/1
  1013 | D:1      | Reached XP level 3. HP: 20/33 MP: 2/2
  1188 | D:2      | Reached XP level 4. HP: 28/41 MP: 3/3
  1287 | D:2      | Found a sparkling altar of Nemelex Xobeh.
  2272 | D:3      | Reached XP level 5. HP: 47/47 MP: 4/4
  2659 | D:4      | Reached skill level 5 in Armour
  2659 | D:4      | Reached skill level 1 in Dodging
  2756 | D:4      | Reached skill level 5 in Shields
  2764 | D:4      | Noticed an ogre
  2772 | D:4      | Killed an ogre
  2772 | D:4      | Reached XP level 6. HP: 55/55 MP: 5/5
  2779 | D:4      | Reached skill level 5 in Fighting
  2786 | D:4      | Reached skill level 5 in Long Blades
  2861 | D:4      | Found a burning altar of Makhleb.
  2896 | D:4      | Found a bloodstained altar of Trog.
  3072 | D:4      | Reached XP level 7. HP: 61/61 MP: 6/6
  3356 | D:5      | Entered Level 5 of the Dungeon
  3385 | D:5      | Noticed a troll
  3393 | D:5      | HP: 2/62 [troll (10)]
  3415 | D:5      | Killed a troll
  3476 | D:5      | Found a sparkling altar of Nemelex Xobeh.
  3487 | D:5      | Noticed a vampire
  3496 | D:5      | Gained mutation: You have very sharp teeth. [potion of mutation]
  3496 | D:5      | Gained mutation: Your flesh is heat resistant. (rF+) [potion of mutation]
  3496 | D:5      | Gained mutation: You are resistant to electric shocks. (rElec) [potion of mutation]
  3496 | D:5      | Gained mutation: You have large cloven feet. [potion of mutation]
  3518 | D:5      | HP: 2/63 [something/vampiric draining (14)]
  3521 | D:5      | Slain by a vampire

Skill      XL: |  1  2  3  4  5  6  7 |
---------------+----------------------+-----
Armour         | 4 5 |  5.9
Shields        | 4 5 6 |  6.0
Fighting       | 4 5 6 |  6.0
Long Blades    | 3 4 5 6 |  6.5
Dodging        | 1 2 |  2.4
Stealth        | |  0.1

Action                   |  1- 3 |  4- 6 |  7- 9 || total
-------------------------+-------+-------+-------++-------
Melee: Long sword        |    57 |   191 |    47 ||   295
       Headbutt          |     4 |    51 |     8 ||    63
       Bite              |       |       |     2 ||     2
  Use: Scroll            |       |    10 |     1 ||    11
       Potion            |       |       |     5 ||     5
  Eat: Chunk             |       |     7 |     2 ||     9
Armor: Scale mail        |    27 |    52 |    25 ||   104
Dodge: Dodged            |    27 |    40 |    16 ||    83
Block: Shield            |    37 |    68 |    31 ||   136
       Rpst.: Long sword |     7 |    10 |     2 ||    19
